 Dungeon Crawl Stone Soup version 0.23.2-1-ga50397a (webtiles) character file.

Game seed: 582415933981225640

1131 myga the Stinger (level 8, -1/44 HPs)
             Began as a Tengu Venom Mage on May 18, 2019.
             Slain by a quokka (5 damage)
             ... on level 6 of the Dungeon.
             The game lasted 00:33:43 (6530 turns).

myga the Stinger (Tengu Venom Mage)                 Turns: 6530, Time: 00:33:43

Health: -1/44      AC:  7    Str: 13    XL:     8   Next: 36%
Magic:  14/16      EV: 14    Int: 17    God:
Gold:   51         SH:  0    Dex: 16    Spells: 1/16 levels left

rFire    . . .     SeeInvis .   n - staff of wizardry
rCold    . . .     Gourm    .   (no shield)
rNeg     . . .     Faith    .   g - +2 robe {MR+}
rPois    .         Spirit   .   (helmet restricted)
rElec    .         Reflect  .   f - +1 cloak
rCorr    .         Harm     .   s - +0 pair of gloves
MR       +....                  (boots unavailable)
Stlth    +++.......             (no amulet)
HPRegen  0.14/turn              (no ring)
MPRegen  0.15/turn              (no ring)

@: mighty, marked, starving
A: beak, talons 3, able to fly
a: Fly


You were on level 6 of the Dungeon.
You were starving.

You visited 1 branch of the dungeon, and saw 6 of its levels.

You collected 261 gold pieces.
You spent 210 gold pieces at shops.

Inventory:

Hand Weapons
 a - the +9 long sword "Osakh" {flame, rC+}
   (You found it on level 5 of the Dungeon)

   It has been specially enchanted to burn those struck by it, causing extra
   injury to most foes and up to half again as much damage against particularly
   susceptible opponents.
   Big, fiery blades are also staple armaments of hydra-hunters.
   It protects you from cold.
 m - a +0 dagger of venom
 x - a +0 great sword
Missiles
 b - 151 stones (quivered)
 p - a throwing net
 w - 5 tomahawks
Armour
 f - a +1 cloak (worn)
 g - a +2 robe of magic resistance (worn)
 s - a +0 pair of gloves (worn)
Magical Staves
 n - an uncursed staff of wizardry (weapon)
Jewellery
 y - an uncursed amulet of faith
Wands
 v - a wand of iceblast (10)
Scrolls
 d - a scroll of blinking {unknown}
 e - 2 scrolls of magic mapping
 i - a scroll of remove curse
 k - a scroll of enchant armour
 l - a scroll of immolation {unknown}
 o - a scroll of amnesia {unknown}
 r - a scroll of enchant weapon {unknown}
 B - a scroll of acquirement {unknown}
 C - a scroll of teleportation
Potions
 j - 3 potions of curing
 q - a potion of resistance
 t - a potion of flight
 u - a potion of haste
 z - a potion of cancellation {unknown}
 A - 2 potions of magic {unknown}
Comestibles
 c - 13 rations


   Skills:
 + Level 1.9 Fighting
 + Level 3.3 Short Blades
 + Level 1.8 Throwing
 + Level 4.3 Dodging
 + Level 4.3 Stealth
 + Level 4.7 Spellcasting
 + Level 3.9 Conjurations
 + Level 0.2 Air Magic
 + Level 4.7 Poison Magic


You had one spell level left.
You knew the following spells:

 Your Spells              Type           Power        Failure   Level  Hunger
a - Sting                 Conj/Pois      ###.         1%          1    None
b - Poisonous Vapours     Pois/Air       ##....       3%          2    #......
c - Mephitic Cloud        Conj/Pois/Air  ##......     5%          3    ###....
d - Olgreb's Toxic Radia  Pois           ###.....     9%          4    ####...
e - Venom Bolt            Conj/Pois      ###.......   26%         5    ######.

Your spell library contained the following spells:

 Spells                   Type           Power        Failure   Level  Hunger


Dungeon Overview and Level Annotations

Branches:
Dungeon (6/15)
 Temple: D:4-7

Altars:
Ashenzari
Kikubaaqudgha
Uskayaw
Wu Jian

Shops:
D:5 *


Innate Abilities, Weirdness & Mutations

You have a beak for a mouth.
You have claws for feet.
You can fly continuously.


Message History

Okay, then.
You feel very mighty all of a sudden.
The centaur unwields a +0 shortbow.
The centaur barely misses you. The bullfrog misses you.
The ball python bites you but does no damage.
The ball python closely misses you. The hound zombie completely misses you.
The quokka barely misses you.
The howler monkey hoots and howls with incredible vigour!
The centaur barely misses you. The bullfrog hits you.
* * * LOW HITPOINT WARNING * * *
You hit the bullfrog.
The bullfrog is moderately wounded.
The hound zombie misses you. The quokka closely misses you.
The ball python closely misses you. The ball python misses you.
The centaur hits you.
* * * LOW HITPOINT WARNING * * *
The bullfrog closely misses you. The hound zombie barely misses you.
The ball python barely misses you. The ball python misses you.
The quokka bites you.
You die...

#######
##<..((##
##..(..).##
#.......cZ#
#..)...cr@#
#.).....SF#
#.....w..c..
#).......h###
.....w.?..#
##..........
#..........
........#


You could see a bullfrog, 3 centaurs, 2 worms, a howler monkey, a hound zombie,
a quokka and a ball python.

Vanquished Creatures
  3 centaurs
  A bullfrog (D:6)
  A scorpion (D:4)
  4 crimson imps
  A hound (D:4)
  6 orc priests
  A centaur skeleton (D:4)
  2 bullfrog skeletons
  An iguana (D:5)
  2 worker ants
  Robin (D:2)
  4 gnolls (D:4)
  5 adders
  A shadow imp (D:5)
  3 oozes
  2 adder skeletons
  4 worms
  3 dart slugs
  2 leopard geckos (D:3)
  17 orcs
  2 ball pythons
  4 giant cockroaches
  18 goblins
  7 hobgoblins
  16 jackals
  7 kobolds
  6 quokkas
  9 bats
  5 frilled lizards
  A jackal skeleton (D:4)
  A leopard gecko skeleton (D:5)
  A quokka skeleton (D:4)
  13 rats
154 creatures vanquished.

Notes
Turn   | Place    | Note
-------+----------+-------------------------------------------
     0 | D:1      | myga the Tengu Venom Mage began the quest for the Orb.
     0 | D:1      | Reached XP level 1. HP: 10/10 MP: 4/4
    79 | D:1      | Reached XP level 2. HP: 15/15 MP: 3/6
   142 | D:1      | Learned a level 2 spell: Poisonous Vapours
   290 | D:1      | Reached XP level 3. HP: 19/19 MP: 1/7
   462 | D:1      | Learned a level 3 spell: Mephitic Cloud
   498 | D:2      | Noticed Robin
   737 | D:2      | Reached XP level 4. HP: 24/24 MP: 6/8
   889 | D:2      | Reached skill level 1 in Short Blades
   923 | D:2      | Killed Robin
  1467 | D:2      | Gained mutation: You can fly continuously. [Tengu growth]
  1467 | D:2      | Reached XP level 5. HP: 15/28 MP: 6/10
  1852 | D:2      | Found an ancient bone altar of Kikubaaqudgha.
  1852 | D:2      | Found a shattered altar of Ashenzari.
  1853 | D:2      | Found an ornate altar of the Wu Jian Council.
  1865 | D:2      | Found a hide-covered altar of Uskayaw.
  2300 | D:3      | Learned a level 4 spell: Olgreb's Toxic Radiance
  2320 | D:3      | Found a faded altar of an unknown god.
  2427 | D:3      | Noticed a centaur
  2442 | D:3      | Killed a centaur
  2442 | D:3      | Reached skill level 1 in Fighting
  2442 | D:3      | Reached XP level 6. HP: 24/34 MP: 9/12
  3723 | D:4      | Reached skill level 1 in Throwing
  3723 | D:4      | Reached XP level 7. HP: 38/38 MP: 11/13
  5111 | D:5      | Entered Level 5 of the Dungeon
  5552 | D:5      | Reached XP level 8. HP: 40/44 MP: 15/15
  5719 | D:5      | Got a translucent long sword
  5724 | D:5      | Identified the +9 long sword "Osakh" {flame, rC+} (You
                  | found it on level 5 of the Dungeon)
  6169 | D:5      | Found Yhus's Assorted Antiques.
  6479 | D:5      | Bought a metallic silvery potion for 16 gold pieces
  6479 | D:5      | Bought a square amethyst amulet for 90 gold pieces
  6479 | D:5      | Bought 2 purple potions for 32 gold pieces
  6479 | D:5      | Bought a scroll labeled ROADECK UDWINT for 18 gold pieces
  6487 | D:5      | Bought a scroll of teleportation for 54 gold pieces
  6505 | D:5      | Learned a level 5 spell: Venom Bolt
  6530 | D:6      | Slain by a quokka

Skill      XL: |  1  2  3  4  5  6  7  8 |
---------------+-------------------------+-----
Short Blades   | 1 2 3 |  3.3
Conjurations   | 2 3 |  3.9
Dodging        | 3 4 |  4.3
Spellcasting   | 3 4 |  4.7
Fighting       | 1 |  1.9
Stealth        | 3 4 |  4.3
Throwing       | 1 |  1.8
Poison Magic   | 4 |  4.7
Air Magic      | |  0.2

Action                   |  1- 3 |  4- 6 |  7- 9 || total
-------------------------+-------+-------+-------++-------
Melee: Unarmed           |     2 |       |       ||     2
       Dagger            |    40 |   159 |    79 ||   278
       Peck              |     4 |    20 |    13 ||    37
       Kick              |     8 |    35 |    24 ||    67
       Staff             |       |       |    15 ||    15
Throw: Stone             |     3 |    33 |    20 ||    56
 Cast: Sting             |    31 |    61 |    47 ||   139
       Poisonous Vapours |     2 |     2 |       ||     4
       Olgreb's Toxic Ra |       |     2 |     3 ||     5
  Use: Potion            |     2 |     3 |     3 ||     8
       Scroll            |     1 |     2 |     6 ||     9
 Stab: Sleeping          |     4 |     9 |     4 ||    17
  Eat: Chunk             |       |    11 |     7 ||    18
Armor: Robe              |     5 |    33 |    34 ||    72
Dodge: Dodged            |    47 |   135 |   109 ||   291
